[ PARTIDA AOE2 · #459778985 ]
UnrankedBritanos vs Franks
[ ANÁLISIS DE REPETICIÓN · EXTRAÍDO DE LA PARTIDA GRABADA ]
Feudal
10:45
Castillos
31:59
Imperial
—
| APM promedio | 28.0 |
| APM pico | 96 |
| eAPM promedio | 10.8 |
| Aldeanos / militares | 39 / 46 |
Foco
⚔️ 26.2% · 🌾 73.8%
Archer ×26 · Spearman ×14 · Skirmisher ×4 · Militia ×2 · Trade Cart ×1
Feudal
10:05
Castillos
17:19
Imperial
29:05
| APM promedio | 17.9 |
| APM pico | 43 |
| eAPM promedio | 10.4 |
| Aldeanos / militares | 75 / 28 |
Foco
⚔️ 17.8% · 🌾 82.2%
Spearman ×14 · Knight ×5 · Scorpion ×4 · Trebuchet (Packed) ×4 · Mangonel ×1
Feudal
10:31
Castillos
18:11
Imperial
—
| APM promedio | 31.3 |
| APM pico | 129 |
| eAPM promedio | 18.9 |
| Aldeanos / militares | 86 / 40 |
Foco
⚔️ 15.7% · 🌾 84.3%
Knight ×25 · Militia ×14 · Trade Cart ×1 · Battering Ram ×1
Feudal
—
Castillos
—
Imperial
—
| APM promedio | 32.2 |
| APM pico | 79 |
| eAPM promedio | 15.2 |
| Aldeanos / militares | 98 / 24 |
Foco
⚔️ 18.2% · 🌾 81.8%
Militia ×13 · War Wagon ×7 · Battering Ram ×4
Mapa de la partida
Recursos iniciales + cada clic de construcción. Líneas = muros · curvas = relieve. ◆ oro · ⬟ piedra · ● bayas · ✦ reliquia · ◌ hueco del cierre
Tu base· ✓ Cerrada en 31:59 · 30t muro · 3 puerta(s)
Base de Zorrocotron_premium· ✓ Cerrada en 17:19 · 0t muro · 3 puerta(s)
Base de Comedian· ✓ Cerrada en 18:11 · 0t muro · 3 puerta(s)
Base de SimeySays· ✓ Cerrada en 21:59 · 0t muro · 3 puerta(s)
Terreno inicial suavizado · ◌ = hueco del cierre detectado · pasá el cursor para detalles
Inputs por minuto
— Meaves - - Zorrocotron_premium
Build order — Meaves
146 acciones detectadas en el replay
| 0:04 | Construir | House |
| 0:05 | Construir | House |
| 0:17 | Crear | Villager (Male) |
| 0:17 | Crear | Villager (Male) |
| 0:17 | Crear | Villager (Male) |
| 0:18 | Crear | Villager (Male) |
| 0:18 | Crear | Villager (Male) |
| 2:09 | Crear | Villager (Male) |
| 2:09 | Crear | Villager (Male) |
| 2:09 | Crear | Villager (Male) |
| 3:15 | Construir | Lumber Camp |
| 3:24 | Construir | Lumber Camp |
| 3:35 | Crear | Villager (Male) |
| 3:36 | Crear | Villager (Male) |
| 3:36 | Crear | Villager (Male) |
| 3:36 | Crear | Villager (Male) |
| 3:54 | Crear | Villager (Male) |
| 3:54 | Crear | Villager (Male) |
| 5:58 | Crear | Villager (Male) |
| 5:58 | Crear | Villager (Male) |
| 5:58 | Crear | Villager (Male) |
| 6:29 | Construir | House |
| 7:14 | Construir | Mill |
| 8:02 | Crear | Villager (Male) |
| 8:06 | Crear | Villager (Male) |
| 8:30 | Investigar | Feudal Age |
| 10:45 | Edad | Edad Feudal |
| 10:55 | Construir | Market |
| 11:00 | Construir | Blacksmith |
| 11:07 | Crear | Villager (Male) |
| 11:07 | Crear | Villager (Male) |
| 11:08 | Crear | Villager (Male) |
| 11:08 | Crear | Villager (Male) |
| 11:09 | Investigar | Loom |
| 11:10 | Investigar | Wheelbarrow |
| 11:37 | Construir | House |
| 11:48 | Construir | House |
| 12:01 | Construir | Mining Camp |
| 12:24 | Crear | Trade Cart |
| 13:01 | Construir | Farm |
| 13:02 | Construir | Farm |
| 13:09 | Construir | Farm |
| 14:13 | Investigar | Horse Collar |
| 14:16 | Investigar | Double-Bit Axe |
| 14:21 | Investigar | Stone Mining |
| 14:27 | Crear | Villager (Male) |
| 14:28 | Crear | Villager (Male) |
| 14:31 | Crear | Villager (Male) |
| 15:14 | Construir | Farm |
| 15:15 | Construir | Farm |
| 15:20 | Construir | Farm |
| 16:02 | Construir | Barracks |
| 16:54 | Crear | Spearman |
| 16:54 | Crear | Spearman |
| 16:54 | Crear | Spearman |
| 16:55 | Crear | Spearman |
| 16:55 | Crear | Spearman |
| 17:33 | Construir | Stone Wall |
| 18:11 | Construir | Barracks |
| 18:21 | Crear | Spearman |
| 18:22 | Crear | Spearman |
| 18:22 | Crear | Spearman |
| 18:53 | Crear | Spearman |
| 18:54 | Crear | Militia |
| 18:54 | Crear | Militia |
| 20:19 | Crear | Villager (Male) |
| 20:57 | Construir | Stone Wall |
| 21:12 | Construir | Farm |
| 21:15 | Crear | Villager (Male) |
| 21:15 | Crear | Villager (Male) |
| 22:13 | Construir | Farm |
| 22:14 | Crear | Villager (Male) |
| 22:15 | Crear | Villager (Male) |
| 22:37 | Construir | Farm |
| 22:38 | Construir | Farm |
| 22:45 | Construir | Farm |
| 22:53 | Crear | Villager (Male) |
| 22:53 | Crear | Villager (Male) |
| 22:53 | Crear | Villager (Male) |
| 22:53 | Crear | Villager (Male) |
| 23:15 | Construir | Archery Range |
| 23:16 | Construir | Archery Range |
| 23:33 | Construir | Watch Tower |
| 23:37 | Construir | Watch Tower |
| 24:21 | Construir | House |
| 24:23 | Construir | House |
| 25:16 | Construir | Watch Tower |
| 25:31 | Crear | Skirmisher |
| 25:32 | Crear | Skirmisher |
| 25:32 | Crear | Skirmisher |
| 25:32 | Crear | Skirmisher |
| 25:47 | Crear | Archer |
| 25:47 | Crear | Archer |
| 25:47 | Crear | Archer |
| 25:55 | Investigar | Padded Archer Armor |
| 26:00 | Construir | Farm |
| 26:04 | Construir | Farm |
| 26:28 | Construir | Farm |
| 26:30 | Construir | Farm |
| 26:31 | Construir | Farm |
| 26:33 | Construir | Farm |
| 26:35 | Construir | Farm |
| 26:38 | Construir | Farm |
| 26:48 | Crear | Archer |
| 26:48 | Crear | Archer |
| 27:09 | Construir | Mining Camp |
| 27:12 | Crear | Villager (Male) |
| 27:12 | Crear | Villager (Male) |
| 27:12 | Crear | Villager (Male) |
| 27:12 | Crear | Villager (Male) |
| 28:00 | Investigar | Fletching |
| 28:07 | Crear | Archer |
| 28:07 | Crear | Archer |
| 28:07 | Crear | Archer |
| 28:07 | Crear | Archer |
| 28:08 | Crear | Archer |
| 28:08 | Crear | Archer |
| 28:46 | Construir | House |
| 28:47 | Construir | House |
| 28:49 | Construir | House |
| 29:19 | Investigar | Castle Age |
| 29:37 | Crear | Archer |
| 29:37 | Crear | Archer |
| 29:53 | Crear | Archer |
| 29:53 | Crear | Archer |
| 29:53 | Crear | Archer |
| 29:53 | Crear | Archer |
| 29:53 | Crear | Archer |
| 30:42 | Construir | Farm |
| 30:46 | Construir | Farm |
| 31:18 | Construir | Stone Wall |
| 31:56 | Crear | Archer |
| 31:56 | Crear | Archer |
| 31:56 | Crear | Archer |
| 31:57 | Crear | Archer |
| 31:59 | Edad | Edad de los Castillos |
| 32:04 | Construir | Castle |
| 32:32 | Crear | Spearman |
| 32:32 | Crear | Spearman |
| 32:32 | Crear | Spearman |
| 32:32 | Crear | Spearman |
| 32:32 | Crear | Spearman |
| 32:40 | Crear | Archer |
| 32:40 | Crear | Archer |
| 32:41 | Crear | Archer |
| 32:41 | Crear | Archer |
Build order — Zorrocotron_premium
Primeras 150 de 174 acciones detectadas
| 0:02 | Crear | Villager (Male) |
| 0:02 | Crear | Villager (Male) |
| 0:03 | Crear | Villager (Male) |
| 0:04 | Construir | House |
| 0:28 | Construir | House |
| 0:31 | Construir | House |
| 0:37 | Crear | Villager (Male) |
| 2:08 | Crear | Villager (Male) |
| 2:08 | Crear | Villager (Male) |
| 2:10 | Investigar | Loom |
| 2:56 | Crear | Villager (Male) |
| 2:57 | Crear | Villager (Male) |
| 2:57 | Crear | Villager (Male) |
| 3:41 | Crear | Villager (Male) |
| 4:10 | Construir | Mill |
| 4:11 | Crear | Villager (Male) |
| 4:12 | Crear | Villager (Male) |
| 4:33 | Crear | Villager (Male) |
| 4:33 | Crear | Villager (Male) |
| 5:13 | Crear | Villager (Male) |
| 5:13 | Crear | Villager (Male) |
| 6:05 | Crear | Villager (Male) |
| 6:32 | Construir | Lumber Camp |
| 6:51 | Crear | Villager (Male) |
| 6:52 | Crear | Villager (Male) |
| 7:55 | Investigar | Feudal Age |
| 8:16 | Construir | House |
| 8:17 | Construir | House |
| 9:10 | Construir | Mining Camp |
| 10:05 | Edad | Edad Feudal |
| 10:39 | Crear | Villager (Male) |
| 10:40 | Crear | Villager (Male) |
| 10:40 | Crear | Villager (Male) |
| 10:42 | Crear | Villager (Male) |
| 11:46 | Crear | Villager (Male) |
| 12:02 | Crear | Villager (Male) |
| 12:02 | Crear | Villager (Male) |
| 13:20 | Construir | Market |
| 13:34 | Construir | Blacksmith |
| 13:39 | Crear | Villager (Male) |
| 13:39 | Crear | Villager (Male) |
| 13:52 | Construir | House |
| 13:53 | Construir | House |
| 14:25 | Construir | Mill |
| 14:39 | Investigar | Castle Age |
| 14:44 | Construir | Mining Camp |
| 15:32 | Construir | Farm |
| 15:34 | Construir | Farm |
| 15:35 | Construir | Farm |
| 16:15 | Construir | Barracks |
| 16:45 | Crear | Villager (Male) |
| 16:45 | Crear | Villager (Male) |
| 16:48 | Crear | Villager (Male) |
| 17:07 | Crear | Spearman |
| 17:08 | Crear | Spearman |
| 17:19 | Edad | Edad de los Castillos |
| 17:42 | Crear | Villager (Male) |
| 17:57 | Construir | Castle |
| 18:17 | Construir | Castle |
| 18:37 | Construir | Mining Camp |
| 18:40 | Crear | Villager (Male) |
| 18:43 | Construir | Farm |
| 18:44 | Construir | Farm |
| 18:46 | Construir | Farm |
| 18:49 | Construir | Farm |
| 18:50 | Crear | Villager (Male) |
| 20:04 | Crear | Villager (Male) |
| 20:04 | Crear | Villager (Male) |
| 20:04 | Crear | Villager (Male) |
| 20:19 | Construir | Town Center |
| 20:51 | Construir | Farm |
| 20:54 | Crear | Villager (Male) |
| 20:58 | Construir | Farm |
| 21:03 | Crear | Villager (Male) |
| 21:28 | Construir | Farm |
| 21:50 | Construir | Farm |
| 21:53 | Crear | Villager (Male) |
| 21:53 | Crear | Villager (Male) |
| 21:59 | Crear | Villager (Male) |
| 22:11 | Construir | Farm |
| 22:14 | Crear | Villager (Male) |
| 22:38 | Construir | Farm |
| 22:40 | Crear | Villager (Male) |
| 22:48 | Crear | Villager (Male) |
| 23:03 | Construir | Farm |
| 23:08 | Crear | Spearman |
| 23:08 | Crear | Spearman |
| 23:24 | Construir | Farm |
| 23:27 | Crear | Villager (Male) |
| 23:28 | Crear | Villager (Male) |
| 23:37 | Construir | Farm |
| 23:39 | Crear | Villager (Male) |
| 23:39 | Crear | Villager (Male) |
| 24:02 | Construir | Farm |
| 24:02 | Crear | Villager (Male) |
| 24:06 | Crear | Villager (Male) |
| 24:08 | Construir | Farm |
| 24:20 | Construir | Farm |
| 24:23 | Crear | Villager (Male) |
| 24:49 | Crear | Villager (Male) |
| 24:56 | Construir | Farm |
| 25:02 | Construir | Farm |
| 25:16 | Crear | Villager (Male) |
| 25:19 | Construir | Farm |
| 25:30 | Crear | Villager (Male) |
| 25:31 | Crear | Villager (Male) |
| 25:36 | Construir | Farm |
| 25:55 | Investigar | Imperial Age |
| 26:08 | Investigar | Squires |
| 26:43 | Construir | Siege Workshop |
| 26:48 | Crear | Villager (Male) |
| 26:48 | Crear | Villager (Male) |
| 26:48 | Crear | Villager (Male) |
| 26:55 | Construir | Lumber Camp |
| 27:15 | Construir | Stable |
| 27:31 | Investigar | Pikeman (upgrade) |
| 27:36 | Investigar | Scale Mail Armor |
| 27:37 | Investigar | Forging |
| 27:38 | Investigar | Scale Barding Armor |
| 27:42 | Investigar | Double-Bit Axe |
| 27:50 | Construir | House |
| 27:51 | Construir | House |
| 27:53 | Construir | House |
| 27:55 | Construir | House |
| 27:56 | Construir | House |
| 27:57 | Construir | House |
| 27:58 | Construir | House |
| 28:07 | Crear | Knight |
| 28:08 | Crear | Knight |
| 28:11 | Crear | Scorpion |
| 28:26 | Crear | Scorpion |
| 28:40 | Crear | Villager (Male) |
| 28:40 | Crear | Villager (Male) |
| 29:05 | Edad | Edad Imperial |
| 29:09 | Crear | Trebuchet (Packed) |
| 29:15 | Investigar | Cavalier (upgrade) |
| 29:20 | Construir | Mining Camp |
| 29:24 | Crear | Spearman |
| 29:24 | Crear | Spearman |
| 29:30 | Crear | Villager (Male) |
| 29:30 | Crear | Villager (Male) |
| 29:30 | Crear | Villager (Male) |
| 29:32 | Crear | Villager (Male) |
| 29:40 | Crear | Knight |
| 30:21 | Construir | Barracks |
| 30:27 | Crear | Trebuchet (Packed) |
| 30:48 | Crear | Villager (Male) |
| 30:48 | Crear | Villager (Male) |
| 30:48 | Crear | Villager (Male) |
| 30:50 | Investigar | Wheelbarrow |
Build order — Comedian
Primeras 150 de 232 acciones detectadas
| 0:02 | Construir | House |
| 0:03 | Construir | House |
| 0:03 | Crear | Villager (Male) |
| 0:03 | Crear | Villager (Male) |
| 0:10 | Crear | Villager (Male) |
| 0:19 | Crear | Villager (Male) |
| 1:32 | Crear | Villager (Male) |
| 1:49 | Construir | Lumber Camp |
| 2:04 | Crear | Villager (Male) |
| 2:30 | Crear | Villager (Male) |
| 3:16 | Crear | Villager (Male) |
| 3:16 | Crear | Villager (Male) |
| 3:28 | Crear | Villager (Male) |
| 3:59 | Crear | Villager (Male) |
| 3:59 | Crear | Villager (Male) |
| 4:31 | Construir | House |
| 4:34 | Investigar | Loom |
| 5:05 | Crear | Villager (Male) |
| 5:06 | Crear | Villager (Male) |
| 5:06 | Crear | Villager (Male) |
| 5:06 | Crear | Villager (Male) |
| 5:37 | Crear | Villager (Male) |
| 5:37 | Crear | Villager (Male) |
| 6:21 | Construir | Mill |
| 6:31 | Crear | Villager (Male) |
| 6:55 | Crear | Villager (Male) |
| 7:01 | Construir | House |
| 8:06 | Construir | Mining Camp |
| 8:07 | Investigar | Feudal Age |
| 10:13 | Crear | Villager (Male) |
| 10:13 | Crear | Villager (Male) |
| 10:19 | Construir | Farm |
| 10:22 | Construir | Farm |
| 10:31 | Edad | Edad Feudal |
| 10:33 | Construir | Barracks |
| 10:48 | Construir | Blacksmith |
| 10:58 | Crear | Villager (Male) |
| 11:04 | Construir | House |
| 11:18 | Investigar | Wheelbarrow |
| 11:37 | Investigar | Double-Bit Axe |
| 12:24 | Construir | Market |
| 12:34 | Crear | Villager (Male) |
| 12:39 | Crear | Villager (Male) |
| 12:40 | Crear | Villager (Male) |
| 12:48 | Construir | Farm |
| 12:52 | Construir | Farm |
| 13:56 | Construir | Farm |
| 14:08 | Crear | Villager (Male) |
| 14:09 | Crear | Villager (Male) |
| 14:12 | Construir | Farm |
| 14:14 | Construir | Farm |
| 14:16 | Construir | Farm |
| 14:17 | Construir | Farm |
| 14:18 | Construir | Farm |
| 14:19 | Construir | Farm |
| 14:25 | Construir | Farm |
| 15:02 | Investigar | Town Watch |
| 15:10 | Construir | Farm |
| 15:29 | Investigar | Castle Age |
| 15:47 | Investigar | Horse Collar |
| 16:03 | Investigar | Man-at-Arms (upgrade) |
| 16:03 | Investigar | Man-at-Arms (upgrade) |
| 16:14 | Construir | Farm |
| 16:15 | Construir | Farm |
| 16:17 | Construir | Farm |
| 16:21 | Construir | Farm |
| 16:40 | Crear | Militia |
| 16:40 | Crear | Militia |
| 16:42 | Crear | Militia |
| 16:50 | Construir | House |
| 17:34 | Crear | Militia |
| 18:11 | Edad | Edad de los Castillos |
| 18:16 | Construir | Stable |
| 18:28 | Construir | Barracks |
| 18:32 | Construir | House |
| 18:33 | Crear | Villager (Male) |
| 18:34 | Crear | Villager (Male) |
| 18:34 | Investigar | Hand Cart |
| 19:10 | Crear | Militia |
| 19:10 | Crear | Militia |
| 19:36 | Construir | Barracks |
| 19:41 | Investigar | Bow Saw |
| 19:49 | Crear | Villager (Male) |
| 19:49 | Crear | Villager (Male) |
| 19:50 | Crear | Villager (Male) |
| 19:50 | Crear | Villager (Male) |
| 20:41 | Crear | Villager (Male) |
| 20:47 | Construir | Farm |
| 20:48 | Construir | Farm |
| 20:56 | Crear | Militia |
| 20:57 | Crear | Militia |
| 20:57 | Investigar | Long Swordsman (upgrade) |
| 21:03 | Construir | House |
| 21:30 | Construir | Town Center |
| 21:34 | Construir | House |
| 21:36 | Crear | Villager (Male) |
| 21:37 | Crear | Villager (Male) |
| 21:47 | Investigar | Gold Mining |
| 22:08 | Crear | Militia |
| 22:08 | Crear | Militia |
| 22:11 | Crear | Militia |
| 22:11 | Crear | Militia |
| 22:16 | Construir | House |
| 22:21 | Construir | House |
| 22:22 | Crear | Villager (Male) |
| 22:44 | Crear | Villager (Male) |
| 22:44 | Crear | Villager (Male) |
| 22:45 | Crear | Villager (Male) |
| 22:49 | Crear | Villager (Male) |
| 22:53 | Crear | Villager (Male) |
| 22:53 | Crear | Villager (Male) |
| 22:53 | Crear | Villager (Male) |
| 22:59 | Construir | Mining Camp |
| 23:07 | Construir | Farm |
| 23:15 | Crear | Knight |
| 23:19 | Construir | Farm |
| 23:22 | Crear | Villager (Male) |
| 23:24 | Crear | Villager (Male) |
| 23:54 | Construir | Stone Wall |
| 23:59 | Crear | Villager (Male) |
| 24:02 | Crear | Villager (Male) |
| 24:30 | Crear | Villager (Male) |
| 24:40 | Crear | Knight |
| 24:40 | Crear | Knight |
| 24:59 | Construir | Siege Workshop |
| 25:14 | Construir | House |
| 25:16 | Crear | Villager (Male) |
| 25:16 | Crear | Villager (Male) |
| 25:17 | Crear | Villager (Male) |
| 25:54 | Crear | Villager (Male) |
| 25:56 | Crear | Villager (Male) |
| 25:56 | Crear | Villager (Male) |
| 26:08 | Construir | Monastery |
| 26:10 | Construir | University |
| 26:13 | Crear | Villager (Male) |
| 26:19 | Construir | House |
| 26:29 | Crear | Villager (Male) |
| 26:31 | Crear | Villager (Male) |
| 26:42 | Construir | House |
| 26:49 | Crear | Villager (Male) |
| 26:49 | Crear | Villager (Male) |
| 26:50 | Crear | Villager (Male) |
| 26:55 | Investigar | Heavy Plow |
| 27:15 | Construir | Lumber Camp |
| 27:19 | Investigar | Stone Mining |
| 27:22 | Crear | Villager (Male) |
| 27:22 | Crear | Villager (Male) |
| 27:22 | Crear | Villager (Male) |
| 27:23 | Crear | Villager (Male) |
| 27:26 | Construir | House |
Build order — SimeySays
Primeras 150 de 207 acciones detectadas
| 0:02 | Construir | House |
| 0:04 | Crear | Villager (Male) |
| 0:05 | Crear | Villager (Male) |
| 0:05 | Crear | Villager (Male) |
| 0:06 | Crear | Villager (Male) |
| 0:06 | Crear | Villager (Male) |
| 0:07 | Crear | Villager (Male) |
| 0:11 | Construir | House |
| 1:41 | Crear | Villager (Male) |
| 2:30 | Crear | Villager (Male) |
| 2:38 | Crear | Villager (Male) |
| 3:10 | Crear | Villager (Male) |
| 3:13 | Crear | Villager (Male) |
| 3:32 | Construir | House |
| 3:45 | Crear | Villager (Male) |
| 4:27 | Crear | Villager (Male) |
| 4:28 | Crear | Villager (Male) |
| 4:28 | Crear | Villager (Male) |
| 4:28 | Crear | Villager (Male) |
| 5:03 | Construir | Lumber Camp |
| 5:38 | Crear | Villager (Male) |
| 5:38 | Crear | Villager (Male) |
| 5:39 | Crear | Villager (Male) |
| 5:39 | Crear | Villager (Male) |
| 5:46 | Crear | Villager (Male) |
| 5:46 | Crear | Villager (Male) |
| 5:46 | Crear | Villager (Male) |
| 5:58 | Crear | Villager (Male) |
| 5:58 | Crear | Villager (Male) |
| 5:59 | Crear | Villager (Male) |
| 6:08 | Construir | House |
| 6:11 | Crear | Villager (Male) |
| 6:21 | Crear | Villager (Male) |
| 6:37 | Crear | Villager (Male) |
| 6:37 | Crear | Villager (Male) |
| 7:00 | Crear | Villager (Male) |
| 7:25 | Crear | Villager (Male) |
| 7:26 | Crear | Villager (Male) |
| 7:26 | Crear | Villager (Male) |
| 7:26 | Crear | Villager (Male) |
| 7:26 | Crear | Villager (Male) |
| 7:49 | Crear | Villager (Male) |
| 8:10 | Construir | Mill |
| 8:31 | Investigar | Feudal Age |
| 8:43 | Crear | Villager (Male) |
| 8:53 | Construir | Mining Camp |
| 9:21 | Construir | Mining Camp |
| 9:23 | Investigar | Loom |
| 9:29 | Crear | Villager (Male) |
| 9:31 | Crear | Villager (Male) |
| 9:54 | Construir | House |
| 9:56 | Construir | House |
| 9:59 | Crear | Villager (Male) |
| 10:15 | Construir | House |
| 10:17 | Construir | House |
| 10:21 | Crear | Villager (Male) |
| 10:53 | Construir | Barracks |
| 10:54 | Crear | Villager (Male) |
| 11:01 | Crear | Villager (Male) |
| 11:04 | Investigar | Wheelbarrow |
| 11:07 | Crear | Villager (Male) |
| 11:07 | Crear | Villager (Male) |
| 11:27 | Investigar | Double-Bit Axe |
| 11:44 | Crear | Villager (Male) |
| 11:53 | Crear | Villager (Male) |
| 12:02 | Investigar | Horse Collar |
| 12:19 | Crear | Villager (Male) |
| 12:39 | Crear | Militia |
| 12:39 | Crear | Militia |
| 13:31 | Investigar | Man-at-Arms (upgrade) |
| 13:33 | Crear | Militia |
| 13:47 | Construir | Farm |
| 13:48 | Construir | Farm |
| 13:49 | Construir | Farm |
| 13:56 | Construir | Farm |
| 14:08 | Construir | Blacksmith |
| 14:21 | Construir | Watch Tower |
| 14:31 | Crear | Militia |
| 14:31 | Crear | Militia |
| 14:40 | Crear | Villager (Male) |
| 14:45 | Construir | Farm |
| 14:49 | Construir | Farm |
| 14:55 | Construir | Farm |
| 15:11 | Crear | Villager (Male) |
| 15:24 | Construir | Farm |
| 15:25 | Construir | Farm |
| 15:29 | Crear | Villager (Male) |
| 16:07 | Investigar | Arson |
| 16:10 | Investigar | Fletching |
| 16:59 | Construir | Mining Camp |
| 17:07 | Crear | Villager (Male) |
| 17:14 | Construir | Farm |
| 17:17 | Construir | Farm |
| 17:18 | Construir | Farm |
| 17:19 | Construir | Farm |
| 17:21 | Construir | Farm |
| 18:28 | Construir | Watch Tower |
| 18:31 | Crear | Villager (Male) |
| 18:36 | Construir | Farm |
| 18:41 | Construir | Farm |
| 19:24 | Crear | Militia |
| 19:25 | Crear | Militia |
| 19:25 | Crear | Militia |
| 19:25 | Crear | Militia |
| 20:07 | Construir | Barracks |
| 20:08 | Crear | Villager (Male) |
| 20:21 | Construir | Market |
| 20:40 | Crear | Villager (Male) |
| 20:46 | Construir | Farm |
| 20:57 | Investigar | Forging |
| 21:01 | Crear | Militia |
| 21:01 | Crear | Militia |
| 21:47 | Construir | Farm |
| 21:52 | Investigar | Stone Mining |
| 21:59 | Investigar | Castle Age |
| 22:14 | Construir | Watch Tower |
| 22:27 | Investigar | Scale Mail Armor |
| 22:37 | Construir | Mining Camp |
| 23:10 | Crear | Militia |
| 23:11 | Crear | Militia |
| 24:47 | Construir | Siege Workshop |
| 24:50 | Investigar | Long Swordsman (upgrade) |
| 24:56 | Investigar | Bodkin Arrow |
| 24:59 | Crear | Villager (Male) |
| 24:59 | Crear | Villager (Male) |
| 24:59 | Crear | Villager (Male) |
| 24:59 | Crear | Villager (Male) |
| 25:11 | Construir | Town Center |
| 25:17 | Investigar | Stone Shaft Mining |
| 25:27 | Construir | Town Center |
| 25:30 | Crear | Villager (Male) |
| 25:30 | Crear | Villager (Male) |
| 25:30 | Crear | Villager (Male) |
| 25:30 | Crear | Villager (Male) |
| 26:05 | Construir | House |
| 26:05 | Construir | House |
| 26:05 | Construir | House |
| 26:05 | Construir | House |
| 26:06 | Construir | House |
| 26:06 | Construir | House |
| 26:06 | Construir | House |
| 26:06 | Construir | House |
| 26:06 | Construir | House |
| 26:07 | Construir | House |
| 26:07 | Construir | House |
| 26:55 | Crear | Villager (Male) |
| 26:55 | Crear | Villager (Male) |
| 26:55 | Crear | Villager (Male) |
| 26:56 | Crear | Villager (Male) |
| 27:07 | Construir | Farm |
Cronología de la partida
| 10:05 | Zorrocotron_premium · age_up feudal |
| 10:31 | Comedian · age_up feudal |
| 10:33 | Comedian · first_building Barracks |
| 10:45 | Meaves · age_up feudal |
| 10:53 | SimeySays · first_building Barracks |
| 15:19 | Comedian · first_market_sell 100 wood |
| 15:21 | Comedian · first_market_buy 100 food |
| 16:02 | Meaves · first_building Barracks |
| 16:15 | Zorrocotron_premium · first_building Barracks |
| 17:19 | Zorrocotron_premium · age_up castle |
| 17:33 | Meaves · wall_segment Stone Wall x14 |
| 17:57 | Zorrocotron_premium · first_building Castle |
| 18:11 | Comedian · age_up castle |
| 18:16 | Comedian · first_building Stable |
| 20:57 | Meaves · wall_segment Stone Wall x14 |
| 22:39 | Comedian · tribute_sent a jugador 1 |
| 22:39 | Comedian · tribute_sent a jugador 3 |
| 22:39 | Comedian · tribute_sent a jugador 4 |
| 22:42 | Comedian · tribute_sent a jugador 1 |
| 22:42 | Comedian · tribute_sent a jugador 3 |
| 22:42 | Comedian · tribute_sent a jugador 4 |
| 23:15 | Meaves · first_building Archery Range |
| 23:54 | Comedian · wall_segment Stone Wall x21 |
| 24:47 | SimeySays · first_building Siege Workshop |
| 24:59 | Comedian · first_building Siege Workshop |
| 26:08 | Comedian · first_building Monastery |
| 26:43 | Zorrocotron_premium · first_building Siege Workshop |
| 27:15 | Zorrocotron_premium · first_building Stable |
| 27:45 | SimeySays · first_building Castle |
| 27:46 | Meaves · first_market_sell 100 food |
| 27:47 | Meaves · first_market_buy 100 food |
| 28:38 | Comedian · first_building Castle |
| 29:05 | Zorrocotron_premium · age_up imperial |
| 30:25 | SimeySays · first_building Archery Range |
| 31:18 | Meaves · wall_segment Stone Wall x2 |
| 31:59 | Meaves · age_up castle |
| 32:04 | Meaves · first_building Castle |
| 33:09 | Meaves · resign |
[ ANÁLISIS IA · 1 CRÉDITO ]
¿Qué pasó realmente en esta partida?
Wolo.gg analiza cada decisión: build order, eco, micro, errores típicos por bracket. Análisis personalizado por WhatsApp o Discord en 30 segundos.
Guía civ
Britanos
Perfil
Jugador #12339258